 Dungeon Crawl Stone Soup version 0.25-a0-670-g50981ef59b (webtiles) character file.

Game seed: 17091504027282449944, levelgen mode: deterministic

74 Laiders72 the Sneak (level 4, 0/21 HPs)
             Began as a Spriggan Enchanter on Mar 29, 2020.
             Slain by a hobgoblin
             ... wielding a +0 club
              (3 damage)
             ... on level 2 of the Dungeon.
             The game lasted 00:07:25 (2251 turns).

Laiders72 the Sneak (Spriggan Enchanter)            Turns: 2251, Time: 00:07:25

Health: 0/21       AC:  2    Str:  3 (4)  XL:     4   Next: 9%
Magic:  4/9        EV: 18    Int: 16      God:
Gold:   159        SH:  0    Dex: 15 (17) Spells: 4/8 levels left

rFire    . . .     SeeInvis +   a - +1 dagger
rCold    . . .     Gourm    .   (shield restricted)
rNeg     . . .     Faith    .   b - +0 robe
rPois    .         Spirit   .   (helmet restricted)
rElec    .         Reflect  .   (no cloak)
rCorr    .         Harm     .   (gloves unavailable)
MR       .....                  (boots unavailable)
Stlth    +++.......             (no amulet)
HPRegen  0.07/turn              f - ring of wizardry
MPRegen  0.11/turn              (no ring)

@: confusing touch, slowed, quick
A: very small, unfitting armour, see invisible, herbivore, speed 3, slow
metabolism 2
a: no special abilities


You were on level 2 of the Dungeon.
You were not hungry.

You visited 1 branch of the dungeon, and saw 2 of its levels.

You collected 159 gold pieces.

Inventory:

Hand Weapons
 a - a +1 dagger (weapon)
Missiles
 h - 8 atropa-tipped darts (quivered)
Armour
 b - a +0 robe (worn)
Jewellery
 f - a ring of wizardry (left hand)
Scrolls
 c - 2 scrolls of blinking
 e - a scroll of magic mapping {unknown}
 g - a scroll of identify {unknown}
 i - 2 scrolls of teleportation {unknown}
 j - a scroll of enchant armour {unknown}
Potions
 k - a potion of brilliance {unknown}
Comestibles
 d - 4 rations


   Skills:
 + Level 2.6 Short Blades
 - Level 3.0 Dodging
 + Level 5.7 Stealth
 - Level 2.6 Spellcasting
 + Level 4.5 Hexes


You had 4 spell levels left.
You knew the following spells:

 Your Spells              Type           Power        Failure   Level  Hunger
a - Corona                Hex            ###....      1%          1    #......
b - Confusing Touch       Hex            ###.....     3%          3    ###....

Your spell library contained the following spells:

 Spells                   Type           Power        Failure   Level  Hunger
 Tukima's Dance           Hex            ###.....     3%          3    ###....
 Ensorcelled Hibernation  Hex/Ice        #.....       4%          2    ##.....
 Dazzling Flash           Conj/Hex       #.....       9%          3    ###....


Dungeon Overview and Level Annotations

Branches:
Dungeon (2/15)

Altars:
Vehumet

Annotations:
D:2 Natasha


Innate Abilities, Weirdness & Mutations

You are very small and have problems with some larger weapons.
You are too small for most types of armour.
You have supernaturally acute eyesight. (SInv)
You are a herbivore.
You cover ground extremely quickly.
You need to consume almost no food.


Message History

Confirm with . or Enter, or press ? or * to list all spells.
Your hands begin to glow red.
The hobgoblin closely misses you.
You barely miss Natasha. Natasha casts a spell at you. The magic dart hits you!
The hobgoblin barely misses you.
You closely miss Natasha. Natasha claws you. The hobgoblin misses you.
You hit Natasha but do no damage. Natasha claws you.
The hobgoblin barely misses you.
You barely miss Natasha. Natasha closely misses you.
You hit Natasha but do no damage. The hobgoblin barely misses you.
Natasha misses you.
You hit Natasha but do no damage. The hobgoblin hits you with a +0 club.
* * * LOW HITPOINT WARNING * * *
Natasha misses you.
You hit Natasha but do no damage. The hobgoblin hits you with a +0 club.
* * * LOW HITPOINT WARNING * * *
You barely miss Natasha.
Natasha stares at you and mumbles some strange words.
You feel yourself slow down. The hobgoblin hits you with a +0 club.
You die...

######### #.......#
#....[.[# ######
#.....†.# ###g...##
#....†<.#
##########...##gh#
#......(# #
<..#......g#####@##
#.....†.###
..........## #..#
#.......##.
.......K...# ##(#
###.#......
.......<..g### #.#
#.#......
.......w.....# #>#
#.#......
...####.####.# #.#
##.#...... ..
##.....##.# #.#
##......... .
#.......#.#
#.#####...#......
.#.......#g#
#.......#.#......


You could see Natasha and a hobgoblin.

Vanquished Creatures
  Natasha (twice) (D:2)
  A ball python (D:2)
  3 giant cockroaches
  3 goblins (D:1)
  2 hobgoblins (D:1)
  7 jackals (D:1)
  A frilled lizard (D:2)
  3 kobolds
  A rat (D:2)
23 creatures vanquished.

Notes
Turn   | Place    | Note
-------+----------+-------------------------------------------
     0 | D:1      | Laiders72 the Spriggan Enchanter began the quest for the
                  | Orb.
     0 | D:1      | Reached XP level 1. HP: 9/9 MP: 5/5
   417 | D:1      | Reached XP level 2. HP: 4/13 MP: 6/6
  1097 | D:1      | Reached skill level 5 in Stealth
  1484 | D:2      | Found a radiant altar of Vehumet.
  1484 | D:2      | Noticed Natasha
  1485 | D:2      | Killed Natasha
  1485 | D:2      | Reached XP level 3. HP: 16/16 MP: 8/8
  1964 | D:1      | Learned a level 3 spell: Confusing Touch
  1984 | D:2      | Noticed Natasha
  1995 | D:2      | Killed Natasha
  1995 | D:2      | Reached XP level 4. HP: 14/21 MP: 5/9
  2224 | D:2      | Noticed Natasha
  2251 | D:2      | Slain by a hobgoblin

Levels and vault maps discovered:
D:1:      dpeg_arrival_rooms_with_view, layout_basic
D:2:      layout_rooms, old_standard_altar, first_ration, uniq_natasha,
          uniq_robin

Skill      XL: |  1  2 |
---------------+-------+-----
Hexes          | 4 |  4.5
Stealth        | 5 |  5.7
Short Blades   | 2 |  2.6
Dodging        | |  3.0
Spellcasting   | |  2.6

Action                   |  1- 3 |  4- 6 || total
-------------------------+-------+-------++-------
Melee: Dagger            |   116 |    13 ||   129
Throw: Dart              |    10 |       ||    10
 Cast: Corona            |     2 |       ||     2
       Confusing Touch   |     1 |     2 ||     3
  Use: Potion            |     2 |       ||     2
       Scroll            |     1 |       ||     1
 Stab: Sleeping          |     3 |       ||     3
       Invisible         |     2 |       ||     2
       Confused          |     1 |     1 ||     2
Armor: Robe              |     7 |       ||     7
Dodge: Dodged            |   104 |    16 ||   120

Table legend:
 A = Non-vault XP
 B = Vault XP
 C = Vault XP percentage of total XP
 D = Non-vault monster count
 E = Vault monster count
 F = Vault count percentage of total count
                 A         B        C        D         E       F
            +---------+---------+-------+---------+---------+-------
      Total |      67 |      39 |  36.8 |      20 |       3 |  13.0
            +---------+---------+-------+---------+---------+-------
        D:1 |      24 |       4 |  14.3 |      13 |       2 |  13.3
        D:2 |      43 |      35 |  44.9 |       7 |       1 |  12.5
            +---------+---------+-------+---------+---------+-------
